 Dungeon Crawl Stone Soup version 0.28.0-45-g0d030f2227 (webtiles) character file.

Game seed: 7389829793247609729

501 Cykl0x the Digger (level 7, -3/37 HPs)
             Began as a Gargoyle Earth Elementalist on Apr 19, 2022.
             Slain by a gnoll
             ... wielding a +0 halberd
              (5 damage)
             ... on level 5 of the Dungeon.
             The game lasted 00:09:52 (4988 turns).

Cykl0x the Digger (Gargoyle Earth Elementalist)     Turns: 4988, Time: 00:09:53

Health: -3/37      AC:  9    Str: 12    XL:     7   Next: 17%
Magic:  1/14       EV: 12    Int: 17    God:
Gold:   287        SH:  0    Dex: 10    Spells: 10/15 levels left

rFire   . . .      SeeInvis .   e - +0 club
rCold   + . .      Faith    .   (no shield)
rNeg    + . .      Spirit   .   j - +2 robe {rC+}
rPois   ∞          Reflect  .   (no helmet)
rElec   +          Harm     .   (no cloak)
rCorr   .          Rampage  .   r - +0 pair of gloves
Will    +....                   (no boots)
Stlth   ++........              (no amulet)
HPRegen 0.12/turn               l - ring of willpower
MPRegen 0.14/turn               h - ring of wizardry

@: no status effects
A: sickness immunity, AC +4, negative energy resistance 1, electricity
resistance, torment resistance 1, petrification resistance
a: no special abilities


You were on level 5 of the Dungeon.
You visited 1 branch of the dungeon, and saw 5 of its levels.

You collected 287 gold pieces.

Inventory:

Hand Weapons
 d - a +0 short sword
 e - a +0 club (weapon)
Missiles
 c - 99 stones
Armour
 b - a +1 robe
 j - a +2 robe of cold resistance (worn)
 q - a +0 ring mail
 r - a +0 pair of gloves (worn)
Jewellery
 f - a +4 ring of evasion
 h - a ring of wizardry (right hand)
 l - a ring of willpower (left hand)
 p - the dreamshard necklace {*Dream Drain}
   (You found it on level 4 of the Dungeon)

   [amulet of nothing]

   It shatters if its wearer takes lethal or near-lethal damage, preventing the
   blow and releasing protective dreams that heal and fight for the wearer.
   Drain:     It drains your maximum health when unequipped.
Potions
 a - 2 potions of brilliance
 g - 2 potions of ambrosia
 i - 5 potions of curing
 k - a potion of lignification {unknown}
 m - a potion of mutation {unknown}
 n - a potion of magic {unknown}
 o - 3 potions of flight {unknown}


   Skills:
 + Level 0.4 Fighting
 + Level 0.1 Short Blades
 + Level 0.8 Maces & Flails
 + Level 1.8 Dodging
 - Level 2.1 Stealth
 + Level 0.4 Unarmed Combat
 + Level 4.7 Spellcasting
 + Level 3.3 Conjurations
 - Level 0.7 Transmutations
 + Level 5.8 Earth Magic


You had 10 spell levels left.
You knew the following spells:

 Your Spells              Type           Power      Damage    Failure   Level
a - Sandblast             Erth           48%        2d12      1%          1
b - Stone Arrow           Conj/Erth      38%        3d9       2%          3
c - Magic Dart            Conj           60%        1d6       1%          1

Your spell library contained the following spells:

 Spells                   Type           Power      Damage    Failure   Level
 Passwall                 Tmut/Erth      12%        N/A       2%          2
 Call Imp                 Summ           4%         N/A       9%          2
 Mephitic Cloud           Conj/Pois/Air  7%         N/A       12%         3
 Petrify                  Tmut/Erth      15%        N/A       16%         4


Dungeon Overview and Level Annotations

Branches:
Dungeon (5/15)
 Temple: D:4-7

Altars:
Ashenzari
Zin


Innate Abilities, Weirdness & Mutations

You are immune to sickness and miasma.
Your stone body is resilient. (AC +4)
You are immune to poison.
You resist negative energy. (rN+)
You are resistant to electric shocks. (rElec)
You are resistant to unholy torment.
You are immune to petrification.


Message History

You hit the gnoll shaman.
You kill the gnoll shaman!
You closely miss the gnoll. The gnoll closely misses you. x2
You completely miss the gnoll. The gnoll hits you with a +0 flail.
You hit the gnoll but do no damage. The gnoll closely misses you.
The blast of sand hits the gnoll.
The gnoll is heavily wounded.
The gnoll hits you with a +0 flail.
You hit the gnoll but do no damage.
The gnoll is heavily wounded.
A gnoll comes into view. It is wielding a +0 halberd.
The gnoll hits you but does no damage.
Casting: Sandblast (safe; 1% risk of failure)
Confirm with . or Enter, or press ? or * to list all spells.
You don't have enough magic to cast this spell.
Unknown command.
The gnoll shouts!
You hit the gnoll.
The gnoll is severely wounded.
The gnoll hits you with a +0 flail. x2
You barely miss the gnoll.
The gnoll is severely wounded.
The gnoll hits you but does no damage.
You hit the gnoll but do no damage.
The gnoll is severely wounded.
The gnoll hits you from afar with a +0 halberd!
* * * LOW HITPOINT WARNING * * *
The gnoll barely misses you.
Casting: Sandblast (safe; 1% risk of failure)
Confirm with . or Enter, or press ? or * to list all spells.
Aiming: Sandblast (safe; 1% risk of failure)
Press: ? - help, Shift-Dir - straight line, f - gnoll, p - gnoll
Aim: a gnoll, wielding a +0 halberd (83% to hit)
Okay, then.
Really put on
p - the dreamshard necklace {*Dream Drain}?
You start putting on your amulet.
You continue putting on the dreamshard necklace {*Dream Drain}.
The gnoll hits you from afar with a +0 halberd.
Keep equipping yourself?
You die...

#.##.###.#...#.
#.##.....#^#.#.
#.#####..#.#.#.
####.#####..#.#<..
#...........#.....
#.##.######.#.###.
#g##.# #.#.....
#.##.# #.##.###
#@##.# #.#≈.≈#.
#g##.# ###≈.≈##
#.##.# #≈.≈#
#)##.# #≈.≈#
#.##.# #≈.≈# #.#
#≈.≈# #.# #≈.≈##
... #≈.≈#. #≈.≈##


You could see 2 gnolls.

Vanquished Creatures
  A water moccasin (D:3)
  A black bear (D:4)
  A scorpion (D:5)
  A gnoll shaman (D:5)
  Jessica (D:2)
  Natasha (thrice) (D:2)
  2 gnolls (D:5)
  3 adders
  2 worms (D:2)
  2 dart slugs
  14 endoplasms
  2 giant cockroaches (D:1)
  6 hobgoblins
  2 jackals (D:1)
  3 quokkas
  2 ball pythons (D:3)
  2 bats
  3 frilled lizards (D:1)
  7 goblins
  7 kobolds
  3 rats
68 creatures vanquished.

Notes
Turn   | Place    | Note
-------+----------+-------------------------------------------
     0 | D:1      | Cykl0x the Gargoyle Earth Elementalist began the quest for
                  | the Orb.
     0 | D:1      | Reached XP level 1. HP: 10/10 MP: 3/3
   175 | D:1      | Reached XP level 2. HP: 15/15 MP: 3/5
   368 | D:1      | Reached skill level 4 in Earth Magic
   549 | D:1      | Reached XP level 3. HP: 12/19 MP: 2/6
   553 | D:1      | Learned a level 3 spell: Stone Arrow
   555 | D:1      | Reached skill level 1 in Conjurations
  1142 | D:2      | Learned a level 1 spell: Magic Dart
  1294 | D:2      | Noticed Natasha
  1295 | D:2      | Noticed Jessica
  1298 | D:2      | Killed Natasha
  1299 | D:2      | Reached XP level 4. HP: 24/24 MP: 0/8
  1306 | D:2      | Killed Jessica
  1528 | D:2      | Reached XP level 5. HP: 28/28 MP: 2/9
  2043 | D:2      | Noticed Natasha
  2050 | D:2      | Killed Natasha
  2384 | D:2      | Noticed Natasha
  2391 | D:2      | Killed Natasha
  3306 | D:3      | Noticed a water moccasin
  3312 | D:3      | Killed a water moccasin
  3313 | D:3      | Reached skill level 5 in Earth Magic
  3313 | D:3      | Reached XP level 6. HP: 16/33 MP: 2/12
  3972 | D:4      | Noticed a black bear
  3981 | D:4      | Killed a black bear
  4503 | D:4      | Found the dreamshard necklace {*Dream Drain}
  4753 | D:5      | Entered Level 5 of the Dungeon
  4753 | D:5      | Found a broken altar of Ashenzari.
  4764 | D:5      | Found a glowing silver altar of Zin.
  4819 | D:5      | Reached XP level 7. HP: 37/37 MP: 9/13
  4988 | D:5      | Slain by a gnoll

Illustrated notes

Levels and vault maps discovered:
D:1:      ebering_trefoil_twist, layout_rooms
D:2:      layout_rooms, kennysheep_path_1, chequers_avenue, uniq_natasha,
          uniq_jessica
D:3:      layout_loops_corners, minmay_misc_feat_room
D:4:      layout_loops_ring, kennysheep_donut
D:5:      layout_basic, mainiacjoe_overflow_large_starburst, temple_hall_moat,
          amcnicky_mini_rare_corridor_liquid

Skill      XL: |  1  2  3  4  5  6 |
---------------+-------------------+-----
Earth Magic    | 4 5 |  5.8
Conjurations   | 1 2 3 |  3.3
Spellcasting   | 3 4 |  4.7
Fighting       | |  0.4
Short Blades   | |  0.1
Maces & Flails | |  0.8
Dodging        | |  1.8
Stealth        | |  2.1
Unarmed Combat | |  0.4
Transmutations | |  0.7

Action                   |  1- 3 |  4- 6 |  7- 9 || total
-------------------------+-------+-------+-------++-------
Melee: Short sword       |     5 |       |       ||     5
       Unarmed           |     4 |       |       ||     4
       Club              |     7 |     1 |    11 ||    19
 Cast: Sandblast         |    45 |    24 |     3 ||    72
       Magic Dart        |     4 |    40 |     6 ||    50
       Stone Arrow       |     4 |    17 |     2 ||    23
  Use: Scroll            |     1 |     7 |       ||     8
Armor: Robe              |     4 |     3 |     3 ||    10
Dodge: Dodged            |    18 |    10 |     5 ||    33
